PCL
CALGARY COWBOYS @ GRESHAM GOLD SOULS
04/11/2024
 
TOP OF THE 1ST
Calgary Cowboys batting - Pitching for Gresham Gold Souls : LHP Pedro Torres
Pitching: LHP Pedro Torres
Batting: RHB Mike Wilcox 0-0: Swinging Strike
0-1: Foul Ball, location: 2F
0-2: Ball
1-2: Foul Ball, location: 2F
1-2: Foul Ball, location: 2F
1-2: Strikes out looking
Batting: RHB Dan Wyatt 0-0: Called Strike
0-1: Ball
1-1: Ball
2-1: Ball
3-1: Called Strike
3-2: Strikes out swinging
Batting: LHB Freddy Herrera 0-0: Ball
1-0: Foul Ball, location: 2F
1-1: Ball
2-1: Foul Ball, location: 2F
2-2: DOUBLE (Flyball, 78M)
Batting: RHB Cristián Peña 0-0: Called Strike
0-1: Ball
1-1: SINGLE (Groundball, 6)
Freddy Herrera to third
Runner from 3rd tries for Home, SAFE, no throw or cutoff
Batting: RHB Clark Hodge 0-0: Ball
1-0: Called Strike
1-1: Ball
2-1: Swinging Strike
2-2: Strikes out swinging
Top of the 1st over - 1 run(s), 2 hit(s), 0 error(s), 1 left on base; Calgary 1 - Gresham 0
BOTTOM OF THE 1ST
Gresham Gold Souls batting - Pitching for Calgary Cowboys : RHP Jimmy Branch
Pitching: RHP Jimmy Branch
Batting: LHB Mike Young 0-0: Ball
1-0: Swinging Strike
1-1: Ball
2-1: Foul Ball, location: 2F
2-2: Strikes out swinging
Batting: RHB Carlos García 0-0: Ball
1-0: Foul Ball, location: 2F
1-1: Foul Ball, location: 2F
1-2: Ball
2-2: Foul Ball, location: 2F
2-2: Fly out, F8 (Flyball, 8LS)
Batting: RHB Lorenzo Morín 0-0: Called Strike
0-1: Foul Ball, location: 2F
0-2: Foul Ball, location: 2F
0-2: Ball
1-2: Foul Ball, location: 2F
1-2: Strikes out looking
Bottom of the 1st over - 0 run(s), 0 hit(s), 0 error(s), 0 left on base; Calgary 1 - Gresham 0
TOP OF THE 2ND
Calgary Cowboys batting - Pitching for Gresham Gold Souls : LHP Pedro Torres
Batting: RHB Mario Sánchez 0-0: Ball
1-0: Ball
2-0: Fly out, F6 (Popup, 6D)
Batting: RHB Iain Liefting 0-0: Ball
1-0: Ball
2-0: Fly out, F4 (Popup, 34D)
Batting: RHB Derek Carr 0-0: Ball
1-0: Foul Ball, location: 2F
1-1: Ball
2-1: Swinging Strike
2-2: Foul Ball, location: 2F
2-2: Ball
3-2: Foul Ball, location: 2F
3-2: Ground out 6-3 (Groundball, 6M)
Top of the 2nd over - 0 run(s), 0 hit(s), 0 error(s), 0 left on base; Calgary 1 - Gresham 0
BOTTOM OF THE 2ND
Gresham Gold Souls batting - Pitching for Calgary Cowboys : RHP Jimmy Branch
Batting: RHB Lorenzo Guzmán 0-0: Ball
1-0: Ball
2-0: Ball
3-0: Called Strike
3-1: Called Strike
3-2: Base on Balls
Batting: RHB Claudio Guerra 0-0: Ball
1-0: Ground out 6-3 (Groundball, 6S)
Lorenzo Guzmán to second
Batting: RHB Pablo Lucero 0-0: Called Strike
0-1: Foul Ball, location: 2F
0-2: Foul Ball, location: 2F
0-2: SINGLE (Line Drive, 34D)
Lorenzo Guzmán to third
Runner from 3rd tries for Home, SAFE, no throw or cutoff
Batting: SHB Ryu Kichida 0-0: Swinging Strike
0-1: Called Strike
0-2: Strikes out swinging
Batting: RHB Pablo Castillo 0-0: Ground out 5-3 (Groundball, 5S)
Bottom of the 2nd over - 1 run(s), 1 hit(s), 0 error(s), 1 left on base; Calgary 1 - Gresham 1
TOP OF THE 3RD
Calgary Cowboys batting - Pitching for Gresham Gold Souls : LHP Pedro Torres
Batting: RHB Tom Yarbrough 0-0: Ground out 4-3 (Groundball, 4S)
Batting: RHB Mike Wilcox 0-0: Called Strike
0-1: Ball
1-1: Called Strike
1-2: Foul Ball, location: 2F
1-2: Fly out, F7 (Flyball, 78M)
Batting: RHB Dan Wyatt 0-0: Ball
1-0: Ball
2-0: Ball
3-0: Called Strike
3-1: Base on Balls
Batting: LHB Freddy Herrera 0-0: Ball
1-0: Called Strike
1-1: Ball
2-1: Swinging Strike
2-2: Strikes out swinging
Top of the 3rd over - 0 run(s), 0 hit(s), 0 error(s), 1 left on base; Calgary 1 - Gresham 1
BOTTOM OF THE 3RD
Gresham Gold Souls batting - Pitching for Calgary Cowboys : RHP Jimmy Branch
Batting: SHB Vicente Martínez 0-0: Ball
1-0: Ball
2-0: Ball
3-0: Ground out U3 (Groundball, 3)
Batting: LHB Mike Young 0-0: Called Strike
0-1: Ball
1-1: Ball
2-1: Swinging Strike
2-2: Ball
3-2: Strikes out swinging
Batting: RHB Carlos García 0-0: Ball
1-0: Ball
2-0: Ball
3-0: Called Strike
3-1: Foul Ball, location: 2F
3-2: Strikes out looking
Bottom of the 3rd over - 0 run(s), 0 hit(s), 0 error(s), 0 left on base; Calgary 1 - Gresham 1
TOP OF THE 4TH
Calgary Cowboys batting - Pitching for Gresham Gold Souls : LHP Pedro Torres
Batting: RHB Cristián Peña 0-0: Called Strike
0-1: Fly out, F8 (Flyball, 8LS)
Batting: RHB Clark Hodge 0-0: Ball
1-0: Ball
2-0: Called Strike
2-1: DOUBLE (Line Drive, 7D)
Batting: RHB Mario Sánchez 0-0: Called Strike
0-1: Ball
Clark Hodge is caught stealing 3rd base
1-1: Ball
2-1: Ball
3-1: Called Strike
3-2: SINGLE (Groundball, 6D)
Batting: RHB Iain Liefting 0-0: Ball
1-0: Called Strike
1-1: Swinging Strike
1-2: Ball
2-2: Ball
Mario Sánchez is caught stealing 2nd base
Top of the 4th over - 0 run(s), 2 hit(s), 0 error(s), 0 left on base; Calgary 1 - Gresham 1
BOTTOM OF THE 4TH
Gresham Gold Souls batting - Pitching for Calgary Cowboys : RHP Jimmy Branch
Batting: RHB Lorenzo Morín 0-0: Foul Ball, location: 2F
0-1: Ground out 1-3 (Groundball, 13S)
Batting: RHB Lorenzo Guzmán 0-0: Swinging Strike
0-1: Ball
1-1: Foul Ball, location: 2F
1-2: Strikes out swinging
Batting: RHB Claudio Guerra 0-0: Foul Ball, location: 2F
0-1: SINGLE (Groundball, 5L)
Batting: RHB Pablo Lucero 0-0: Called Strike
0-1: Foul Ball, location: 2F
0-2: Strikes out swinging
Bottom of the 4th over - 0 run(s), 1 hit(s), 0 error(s), 1 left on base; Calgary 1 - Gresham 1
TOP OF THE 5TH
Calgary Cowboys batting - Pitching for Gresham Gold Souls : LHP Pedro Torres
Batting: RHB Iain Liefting 0-0: Foul Ball, location: 2F
0-1: Swinging Strike
0-2: Foul Ball, location: 2F
0-2: Foul Ball, location: 2F
0-2: Strikes out swinging
Batting: RHB Derek Carr 0-0: SINGLE (Line Drive, 7S)
Batting: RHB Tom Yarbrough 0-0: Called Strike
0-1: Called Strike
0-2: Strikes out looking
Batting: RHB Mike Wilcox 0-0: Called Strike
0-1: Fly out, F6 (Popup, 5D)
Top of the 5th over - 0 run(s), 1 hit(s), 0 error(s), 1 left on base; Calgary 1 - Gresham 1
BOTTOM OF THE 5TH
Gresham Gold Souls batting - Pitching for Calgary Cowboys : RHP Jimmy Branch
Batting: SHB Ryu Kichida 0-0: Called Strike
0-1: Ball
1-1: Called Strike
1-2: Strikes out swinging
Batting: RHB Pablo Castillo 0-0: Ball
1-0: Called Strike
1-1: Called Strike
1-2: Fly out, F2 (Popup, 25F)
Pitching: RHP Richard Boyd
Batting: SHB Vicente Martínez 0-0: Ball
1-0: Foul Ball, location: 2F
1-1: Ball
2-1: Ground out 6-3 (Groundball, 6M)
Bottom of the 5th over - 0 run(s), 0 hit(s), 0 error(s), 0 left on base; Calgary 1 - Gresham 1
TOP OF THE 6TH
Calgary Cowboys batting - Pitching for Gresham Gold Souls : LHP Pedro Torres
Pitching: RHP Chris Sullivan
Batting: RHB Dan Wyatt 0-0: Called Strike
0-1: Ball
1-1: Ball
2-1: Foul Ball, location: 2F
2-2: Fly out, F9 (Flyball, 89D)
Batting: LHB Freddy Herrera 0-0: Foul Ball, location: 2F
0-1: Ball
1-1: Ground out 4-3 (Groundball, 4M)
Batting: RHB Cristián Peña 0-0: Ball
1-0: Fly out, F7 (Line Drive, 78D)
Top of the 6th over - 0 run(s), 0 hit(s), 0 error(s), 0 left on base; Calgary 1 - Gresham 1
BOTTOM OF THE 6TH
Gresham Gold Souls batting - Pitching for Calgary Cowboys : RHP Richard Boyd
Batting: LHB Mike Young 0-0: Ball
1-0: Ball
2-0: Ball
3-0: Called Strike
3-1: Swinging Strike
3-2: Base on Balls
Batting: RHB Carlos García 0-0: Ball
1-0: Swinging Strike
1-1: Ball
2-1: Fly out, F8 (Flyball, 8RS)
Batting: RHB Lorenzo Morín 0-0: Called Strike
Throwing error on steal attempt, E2
Mike Young to third
0-1: Ball
1-1: Ball
2-1: Ball
3-1: DOUBLE (Flyball, 78D)
Mike Young scores
Batting: RHB Lorenzo Guzmán 0-0: Ball
1-0: TRIPLE (Line Drive, 9LM)
Lorenzo Morín scores
Batting: RHB Claudio Guerra 0-0: Ball
1-0: Ball
2-0: SINGLE (Line Drive, 34D)
Lorenzo Guzmán scores
Pitching: LHP Mario Rosário
Batting: RHB Pablo Lucero 0-0: Foul Ball, location: 2F
0-1: Ball
1-1: Ball
2-1: Ball
3-1: Base on Balls
Claudio Guerra to second
Batting: SHB Ryu Kichida 0-0: Ball
1-0: Ball
2-0: Foul Ball, location: 2F
2-1: Ball
3-1: Called Strike
3-2: Base on Balls
Claudio Guerra to third
Pablo Lucero to second
Batting: RHB Pablo Castillo 0-0: Swinging Strike
0-1: Foul Ball, location: 2F
0-2: Fly out, F8 (Flyball, 8LM)
Batting: SHB Vicente Martínez 0-0: Swinging Strike
0-1: Ball
1-1: Fly out, F8 (Flyball, 8LXD)
Bottom of the 6th over - 3 run(s), 3 hit(s), 1 error(s), 3 left on base; Calgary 1 - Gresham 4
TOP OF THE 7TH
Calgary Cowboys batting - Pitching for Gresham Gold Souls : RHP Chris Sullivan
Batting: RHB Clark Hodge 0-0: Called Strike
0-1: Called Strike
0-2: Ball
1-2: Strikes out swinging
Batting: RHB Mario Sánchez 0-0: Foul Ball, location: 2F
0-1: Swinging Strike
0-2: Strikes out swinging
Batting: RHB Iain Liefting 0-0: Ball
1-0: Ball
2-0: Called Strike
2-1: Swinging Strike
2-2: Foul Ball, location: 2F
2-2: Foul Ball, location: 2F
2-2: SINGLE (Groundball, 6M)
Batting: RHB Derek Carr 0-0: Called Strike
0-1: Foul Ball, location: 2F
0-2: Ball
1-2: Ball
2-2: Strikes out looking
Top of the 7th over - 0 run(s), 1 hit(s), 0 error(s), 1 left on base; Calgary 1 - Gresham 4
BOTTOM OF THE 7TH
Gresham Gold Souls batting - Pitching for Calgary Cowboys : LHP Mario Rosário
Batting: LHB Mike Young 0-0: Foul Ball, location: 2F
0-1: Ball
1-1: Fly out, F9 (Line Drive, 89D)
Batting: RHB Carlos García 0-0: Ball
1-0: Ball
2-0: Ball
3-0: Called Strike
3-1: Called Strike
3-2: Fly out, F3 (Line Drive, 3L)
Batting: RHB Lorenzo Morín 0-0: Foul Ball, location: 2F
0-1: Swinging Strike
0-2: Foul Ball, location: 2F
0-2: Ball
1-2: Ball
2-2: Ball
3-2: Fly out, F7 (Flyball, 78M)
Bottom of the 7th over - 0 run(s), 0 hit(s), 0 error(s), 0 left on base; Calgary 1 - Gresham 4
TOP OF THE 8TH
Calgary Cowboys batting - Pitching for Gresham Gold Souls : RHP Chris Sullivan
Pitching: RHP John Bowden
Batting: RHB Tom Yarbrough 0-0: SINGLE (Line Drive, 8RS)
Batting: RHB Mike Wilcox 0-0: Ball
1-0: Called Strike
1-1: Hit by Pitch
Tom Yarbrough to second
Batting: RHB Dan Wyatt 0-0: Ball
1-0: Foul Ball, location: 2F
1-1: Swinging Strike
1-2: SINGLE (Groundball, 56S)
Tom Yarbrough to third
Mike Wilcox to second
Batting: LHB Freddy Herrera 0-0: Called Strike
0-1: Fly out, F4 (Popup, 4MD)
Batting: RHB Cristián Peña 0-0: Ball
1-0: Fly out, F3 (Popup, 3DF)
Batting: RHB Clark Hodge 0-0: Called Strike
0-1: Swinging Strike
0-2: Ball
1-2: GRAND SLAM HOME RUN (Flyball, 7D), Distance : 376 ft
Batting: RHB Mario Sánchez 0-0: Ball
1-0: Swinging Strike
1-1: Fly out, F7 (Flyball, 7M)
Top of the 8th over - 4 run(s), 3 hit(s), 0 error(s), 0 left on base; Calgary 5 - Gresham 4
BOTTOM OF THE 8TH
Gresham Gold Souls batting - Pitching for Calgary Cowboys : LHP Mario Rosário
Pitching: LHP Alfredo Durán
Batting: RHB Lorenzo Guzmán 0-0: SOLO HOME RUN (Line Drive, 89XD), Distance : 438 ft
Batting: RHB Claudio Guerra 0-0: Ball
1-0: Ball
2-0: DOUBLE (Flyball, 89XD)
Batting: RHB Pablo Lucero 0-0: Intentional Walk
Pinch Hitting: RHB Luke McIndoe 0-0: Bunted foul
0-1: Ball
1-1: Ball
2-1: Ball
3-1: Ball
Claudio Guerra to third
Pablo Lucero to second
Batting: RHB Pablo Castillo 0-0: SINGLE (Line Drive, 6M)
Claudio Guerra scores
Pablo Lucero to third
Luke McIndoe to second
Pitching: RHP Mitsunari Jouda
Batting: SHB Vicente Martínez 0-0: Ball
1-0: Ball
2-0: Reached on error, E5 (Groundball, 5S)
Pablo Lucero scores
Luke McIndoe to third
Pablo Castillo to second
Batting: LHB Mike Young 0-0: SINGLE (Flyball, 7S)
Luke McIndoe scores
Pablo Castillo to third
Vicente Martínez to second
Runner from 3rd tries for Home, SAFE, throw made home
Vicente Martínez to third
Mike Young to second
Batting: RHB Carlos García 0-0: Ball
1-0: Ball
2-0: Called Strike
2-1: SINGLE (Line Drive, 6D)
Vicente Martínez scores
Mike Young to third
Runner from 3rd tries for Home, SAFE, no throw or cutoff
Batting: RHB Lorenzo Morín 0-0: Called Strike
0-1: Swinging Strike
0-2: Strikes out swinging
Batting: RHB Lorenzo Guzmán 0-0: Ball
Carlos García steals 2nd base
1-0: Called Strike
1-1: SINGLE (Groundball, 56D)
Carlos García to third
Batting: RHB Claudio Guerra 0-0: Called Strike
Lorenzo Guzmán steals 2nd base
0-1: Ball
1-1: Ball
2-1: Ball
3-1: Called Strike
3-2: Base on Balls
Batting: RHB Pablo Lucero 0-0: Ball
1-0: Ball
2-0: Foul Ball, location: 2F
2-1: Called Strike
2-2: Ball
3-2: Fly out, F9 (Flyball, 89M)
Batting: RHB Luke McIndoe 0-0: Ball
1-0: Ball
2-0: Ball
3-0: Base on Balls
Carlos García scores
Lorenzo Guzmán to third
Claudio Guerra to second
Batting: RHB Pablo Castillo 0-0: Ball
1-0: Fielders Choice at 2nd, 5-4 (Groundball, 56)
Bottom of the 8th over - 8 run(s), 6 hit(s), 1 error(s), 2 left on base; Calgary 5 - Gresham 12
TOP OF THE 9TH
Calgary Cowboys batting - Pitching for Gresham Gold Souls : RHP John Bowden
Now at 1B: Luke McIndoe
Batting: RHB Iain Liefting 0-0: SINGLE (Groundball, 6S)
Batting: RHB Derek Carr 0-0: Ball
1-0: Bunted foul
1-1: Called Strike
1-2: Ball
2-2: Foul Ball, location: 2F
2-2: Foul Ball, location: 2F
2-2: Ball
3-2: Strikes out looking
Batting: RHB Tom Yarbrough 0-0: Swinging Strike
0-1: Ball
1-1: Ball
2-1: Fly out, F3 (Popup, 3SF)
Batting: RHB Mike Wilcox 0-0: Hit by Pitch
Iain Liefting to second
Batting: RHB Dan Wyatt 0-0: Called Strike
0-1: Foul Ball, location: 2F
0-2: Ball
1-2: Ball
2-2: Fly out, F8 (Flyball, 8LS)
Top of the 9th over - 0 run(s), 1 hit(s), 0 error(s), 2 left on base; Calgary 5 - Gresham 12
This league is powered by Out of the Park Baseball, the baseball management simulation game for PC, Mac and Linux
Saturday, April 9th, 2016 - OOTP Baseball 16.8 Build 38